 Dungeon Crawl Stone Soup version 0.31-a0-940-gdaa99269f9 (webtiles) character file.

Game seed: 14750639823849748537

232791 Flugkiller the Shatterer (level 20, -9/172 HPs)
             Began as a Formicid Cinder Acolyte on Oct 20, 2023.
             Was a High Priest of Wu Jian.
             Killed from afar by Aizul (14 damage)
             ... with a poison arrow
             ... on level 2 of the Shoals.
             The game lasted 01:06:09 (41748 turns).

Flugkiller the Shatterer (Formicid Cinder Acolyte) Turns: 41748, Time: 01:06:10

Health: -9/172     AC: 28    Str: 27    XL:     20   Next: 33%
Magic:  21/21      EV: 18    Int: 15    God:    Wu Jian [*****.]
Gold:   340        SH:  0    Dex:  9    Spells: 19/21 levels left

rFire   . . .        s - +5 giant spiked club (freeze)
rCold   . . .        (shield currently unavailable)
rNeg    . . .        x - quicksilver dragon scales
rPois   .            (helmet unavailable)
rElec   .            e - +2 cloak
rCorr   .            y - +2 pair of gloves {hurl}
SInv    +            g - +3 pair of seven-league boots {Rampage+∞}
Will    +++..        W - amulet of regeneration Stlth
                     v - +5 ring of evasion
HPRegen 1.28/turn    H - ring of flight
MPRegen 0.17/turn

%: no passive effects
@: lethally poisoned (-9 -> -22), exhausted, afraid, flying
A: permanent stasis, dig shafts and tunnels, antennae 3, four strong arms
}: 1/15 runes: serpentine
a: Dig, Shaft Self, Renounce Religion, Wall Jump, Serpent's Lash, Heavenly Storm


You were on level 2 of the Shoals.
You worshipped Wu Jian.
Wu Jian was extremely pleased with you.
You visited 5 branches of the dungeon, and saw 28 of its levels.
You also visited: Bailey and Gauntlet.

You collected 2695 gold pieces.
You spent 2355 gold pieces at shops.

Inventory:

Hand Weapons
 s - a +5 giant spiked club of freezing (weapon)
   (You took it off an ogre on level 11 of the Dungeon)
Missiles
 j - 8 silver javelins
 K - 21 javelins
 M - 5 curare-tipped darts
 N - 3 throwing nets
Armour
 e - a +2 cloak (worn)
   (You found it on level 1 of the Dungeon)
 g - the +3 pair of seven-league boots (worn) {Rampage+∞}
   (You found it on level 4 of the Lair of Beasts)

   Rampage+∞: When moving toward enemies, its wearer moves as far as possible,
   alerting their target en route.
 x - quicksilver dragon scales (worn)
   (You found it in a bailey)
 y - a +2 pair of gloves of hurling (worn)
   (You found it in a Gauntlet)
Jewellery
 p - a +4 ring of protection
   (You found it on level 15 of the Dungeon)
 u - an amulet of the acrobat
   (You took it off a salamander on level 1 of the Snake Pit)
 v - a +5 ring of evasion (left hand)
   (You found it on level 8 of the Dungeon)
 F - an amulet of guardian spirit
   (You found it on level 5 of the Dungeon)
 H - a ring of flight (right hand)
   (You found it on level 2 of the Dungeon)
 W - an amulet of regeneration (around neck)
   (You found it on level 1 of the Shoals)
Wands
 h - a wand of digging (9)
   (You found it on level 12 of the Dungeon)
 t - a wand of roots (16)
   (You found it on level 5 of the Lair of Beasts)
 z - a wand of charming (37)
   (You found it on level 5 of the Dungeon)
 B - a wand of polymorph (3)
   (You took it off Maurice on level 10 of the Dungeon)
 D - a wand of mindburst (18)
   (You found it on level 1 of the Lair of Beasts)
 J - a wand of flame (60)
   (You found it on level 8 of the Dungeon)
 R - a wand of quicksilver (6)
   (You took it off Amaemon on level 3 of the Lair of Beasts)
Scrolls
 b - 5 scrolls of immolation
 f - 6 scrolls of vulnerability
 i - 5 scrolls of amnesia
 k - 3 scrolls of fog
 r - 8 scrolls of identify
 Q - 3 scrolls of poison
 V - 4 scrolls of enchant armour
Potions
 c - 9 potions of mutation
 d - 4 potions of might
 n - a potion of resistance
 o - a potion of ambrosia
 q - 6 potions of curing
 A - 2 potions of magic
 C - 4 potions of attraction
 E - a potion of enlightenment
 I - 5 potions of brilliance
 L - a potion of lignification
 O - 3 potions of invisibility
 P - a potion of cancellation
Miscellaneous
 a - a phial of floods
   (You found it on level 1 of the Lair of Beasts)
 l - a phantom mirror
   (You found it on level 3 of the Lair of Beasts)
 G - a lightning rod (4/4)
   (You found it on level 14 of the Dungeon)
 U - a condenser vane
   (You found it on level 2 of the Snake Pit)
 X - a sack of spiders
   (You found it on level 1 of the Shoals)


   Skills:
 + Level 18.7 Fighting
 - Level 2.0 Short Blades
 - Level 22.0 Maces & Flails
 + Level 16.7 Armour
 - Level 9.0 Dodging
 - Level 5.0 Shields
 - Level 1.1 Spellcasting
 - Level 3.0 Fire Magic
 - Level 10.0 Evocations


You had 19 spell levels left.
You knew the following spells:

 Your Spells              Type           Power      Damage    Failure   Level
a - Scorch                Fire           18%        2d5       14%         2

Your spell library contained the following spells:

 Spells                   Type           Power      Damage    Failure   Level
 Magic Dart               Conj           0%         1d3       30%         1
 Sandblast                Erth           0%         2d4       30%         1
 Cigotuvi's Dreadful Rot  Necr/Pois/Air  0%         N/A       43%         2
 Lesser Beckoning         Tloc           0%         N/A       43%         2
 Momentum Strike          Conj/Tloc      0%         3d8       43%         2
 Passwall                 Tmut/Erth      0%         N/A       43%         2
 Searing Ray              Conj           0%         2d4       43%         2
 Inner Flame              Hex/Fire       5%         N/A       45%         3
 Volatile Blastmotes      Fire/Tloc      10%        2d10      45%         3
 Dazzling Flash           Conj/Hex       0%         N/A       67%         3
 Hailstorm                Conj/Ice       0%         3d3       67%         3
 Ozocubu's Armour         Ice            0%         N/A       67%         3
 Stone Arrow              Conj/Erth      0%         3d7       67%         3
 Flame Wave               Conj/Fire      5%         2d5       86%         4
 Sticky Flame             Conj/Fire      5%         2d3       86%         4
 Anguish                  Hex/Necr       0%         N/A       97%         4
 Animate Armour           Summ/Erth      0%         N/A       97%         4
 Animate Dead             Necr           0%         N/A       97%         4
 Brom's Barrelling Bould  Conj/Erth      0%         2d3       97%         4
 Cause Fear               Hex            0%         N/A       97%         4
 Dimensional Bullseye     Hex/Tloc       0%         N/A       97%         4
 Fulminant Prism          Conj/Hex       0%         3d5       97%         4
 Iskenderun's Mystic Bla  Conj/Tloc      0%         2d3       97%         4
 Leda's Liquefaction      Hex/Erth       0%         N/A       97%         4
 Manifold Assault         Tloc           0%         N/A       97%         4
 Olgreb's Toxic Radiance  Pois           0%         N/A       97%         4
 Summon Ice Beast         Ice/Summ       0%         N/A       97%         4
 Fireball                 Conj/Fire      2%         3d4       99%         5
 Agony                    Necr           0%         N/A       100%        5
 Alistair's Intoxication  Tmut/Pois      0%         N/A       100%        5
 Borgnjor's Vile Clutch   Necr/Erth      0%         N/A       100%        5
 Iskenderun's Battlesphe  Conj           0%         2d6       100%        5
 Lee's Rapid Deconstruct  Erth           0%         3d4*      100%        5
 Silence                  Hex/Air        0%         N/A       100%        5
 Summon Mana Viper        Hex/Summ       0%         N/A       100%        5
 Bombard                  Conj/Erth      0%         9d1       100%        6
 Dispersal                Tloc           0%         N/A       100%        6
 Eringya's Noxious Bog    Tmut/Pois      0%         4d6       100%        6
 Simulacrum               Ice/Necr       0%         N/A       100%        6
 Haunt                    Necr/Summ      0%         N/A       100%        7
 Spellforged Servitor     Conj/Summ      0%         N/A       100%        7
 Discord                  Hex            0%         N/A       100%        8
 Disjunction              Tloc           0%         N/A       100%        8
 Ignition                 Fire           4%         3d4       100%        8
 Infestation              Necr           0%         N/A       100%        8
 Lehudib's Crystal Spear  Conj/Erth      0%         10d2      100%        8
 Dragon's Call            Summ           0%         N/A       100%        9
 Blink                    Tloc           Unusable   N/A       N/A         2

Dungeon Overview and Level Annotations

Branches:
Dungeon (15/15) Zot: 25422  Temple (0/1) D:7            Lair (5/5) D:8 Zot: 21353
 Shoals (2/4) Lair:3 Zot: 10112   Snake (4/4) Lair:3 Zot: 15130   Slime (0/5) Lair:4
    Orc (2/2) D:11 Zot: 11104     Elf (0/3) Orc:2        Vaults (0/5) D:14
 Depths (0/4) D:15         Bailey (visited)         Gauntlet (visited)

Altars:
Cheibriados
Gozag
Kikubaaqudgha
Trog
Vehumet
Wu Jian

Shops:
D:1 =   D:2 :   D:7 [   Orc:2 (=((   Shoals:1 (   Snake:2 [!   Snake:3 !

Annotations:
D:9 exclusion: oklob sapling
Lair:4 2 transporters, Noful's ghost, journeyman TrFi
Shoals:2 Aizul; Mlioglotl


Innate Abilities, Weirdness & Mutations

You cannot be hasted, slowed, berserked, paralysed or teleported.
You can dig through walls and to a lower floor.
You have a pair of large antennae on your head. (SInv)
Your four strong arms can wield two-handed weapons with a shield.


Message History

You resist with almost no effort.
The manticore bites you but does no damage.
The manticore claws you.
The manticore claws you but does no damage.
Mlioglotl completely misses you. Mlioglotl tramples you!
You are shoved backwards!
Something bites the plant.
The plant begins to die.
Unknown command.
A wind drake comes into view.
You spin and attack Mlioglotl.
You hit Mlioglotl.
Mlioglotl is almost dead.
You spin and attack Aizul repeatedly.
You closely miss Aizul.
Aizul is heavily wounded.
You impale Aizul!! You freeze Aizul!
Aizul is severely wounded.
You feel very sick.
Aizul coils herself and waves her upper body at you.
The bolt of poison hits you!!!
You are more poisoned.
Mlioglotl hits you but does no damage. Mlioglotl tramples you!!
* * * LOW HITPOINT WARNING * * *
You hold your ground!
Aizul coils herself and waves her upper body at you.
The poison arrow misses you.
The wind drake completely misses the plant.
Unknown command.
Unknown command.
Okay, then.
You feel better. Mlioglotl hits you!
* * * LOW HITPOINT WARNING * * *
Mlioglotl tramples you but does no damage.
Aizul casts a spell at you. The poison arrow hits you!!
You are poisoned.
* * * LOW HITPOINT WARNING * * *
The manticore misses you. The manticore claws you.
* * * LOW HITPOINT WARNING * * *
The manticore claws you but does no damage.
The wind drake bites the plant!
The plant begins to die.
Okay, then.
Unknown command.
Okay, then.
You feel better. Mlioglotl misses you. Mlioglotl closely misses you.
Aizul barely misses you. The manticore misses you.
The manticore claws you but does no damage. x2
Mlioglotl hits you but does no damage. Mlioglotl closely misses you.
Aizul misses you.
Unknown command.
Unknown command.
You feel much better.
A nearby plant withers and dies.
Aizul casts a spell at you. The poison arrow hits you!!
You are poisoned.
* * * LOW HITPOINT WARNING * * *
The manticore bites you but does no damage.
The manticore closely misses you.
The manticore claws you but does no damage.
Mlioglotl hits you but does no damage. Mlioglotl misses you.
The large abomination misses you.
Unknown command.
Unknown command.
You spin and attack Mlioglotl.
You bludgeon Mlioglotl!! You freeze Mlioglotl.
Mlioglotl is almost dead.
You spin and attack the manticore repeatedly.
You hit the manticore. You freeze the manticore.
The manticore is lightly wounded.
You puncture the manticore! You freeze the manticore.
The manticore is moderately wounded.
You feel very sick. Mlioglotl hits you but does no damage.
Mlioglotl closely misses you. The manticore misses you.
The manticore claws you but does no damage. x2
Aizul casts a spell at you. The bolt of poison misses you.
Mlioglotl completely misses you. Mlioglotl tramples you!
* * * LOW HITPOINT WARNING * * *
You hold your ground!
Unknown command.
Okay, then.
Okay, then.
You spin and attack Aizul.
You hit Aizul. You freeze Aizul.
Aizul is severely wounded.
You feel very sick.
A nearby plant withers and dies.
Aizul hits you.
* * * LOW HITPOINT WARNING * * *
Mlioglotl churns violently!
Mlioglotl radiates an aura of fear!
You are terrified of Mlioglotl!
Unknown command.
Okay, then.
As you read the scroll of fear, it crumbles to dust.
You assume a fearsome visage.
Mlioglotl resists with almost no effort.
Aizul resists with almost no effort.
The large abomination is unaffected.
The small abomination is unaffected.
The manticore easily resists.
The wind drake resists with some effort.
You feel sick.
Aizul coils herself and waves her upper body at you.
The poison arrow hits you!
You are lethally poisoned!
You die...

~~~..........(....~~.S~~
~........~....†~..~~~~..
~.........~........~~~..
~.....~~.#...#.....~~~~~
~~~~~~~~.........~...~~~
≈~~~~~~...............~...
≈≈≈≈≈~~.Xx####.####...~~.
≈≈≈≈~~..SH####..##.......
≈≈≈≈~~..X@##...........#
≈≈≈≈≈PPP............~..##
≈≈≈≈≈PPP..........~~~...##
≈≈≈~.PPP..........~~)~....
≈≈~~.kP.P.~.....(.~~~.....
≈≈~~P.~PP...~~~...~~(.....
..P.............~~.<###..
PP..####..#.....~~>## ..
P.P. ##.....~~~~..# .


You could see Aizul, Mlioglotl (strong, scary), a wind drake (repels missiles),
a manticore, a large abomination (summoned) and a small abomination (summoned).

Vanquished Creatures
  Gastronok (Lair:3)
  Polyphemus (Shoals:2)
  4 krakens (Shoals:1)
  Frances (D:13)
  13 nagarajas
  2 orc warlords
  A minotaur (Gauntlet)
  Azrael (D:13)
  An ettin (D:15)
  Snorg (D:13)
  A fire dragon (Lair:5)
  5 merfolk javelineers (Shoals:1)
  Josephine (D:15)
  4 salamander tyrants
  2 hydras
  A vault guard (D:14)
  2 merfolk avatars (Shoals:1)
  2 catoblepae
  3 merfolk aquamancers (Shoals:1)
  An ogre mage (D:15)
  8 boulder beetles
  16 naga warriors
  2 death yaks
  7 anacondas
  2 tengu warriors
  9 two-headed ogres
  5 centaur warriors
  Urug (Orc:2)
  12 naga sharpshooters
  An orc high priest (Orc:2)
  9 shock serpents
  Amaemon (Lair:3)
  5 skysharks
  2 salamander mystics (Snake:4)
  2 skeletal warriors
  5 sea snakes
  Lodul (D:11)
  12 naga ritualists
  2 lindwurms
  2 occultists (D:15)
  11 harpies
  23 mana vipers
  A deep elf pyromancer (D:15)
  9 ugly things
  5 orc knights (Orc:2)
  A necromancer (D:15)
  7 cyclopes
  4 orc sorcerers
  3 manticores
  24 salamanders
  Maurice (D:10)
  A salamander (shapeshifter) (D:14)
  13 elephants
  17 naga magi
  2 merfolk sirens (Shoals:1)
  An eye of devastation (Gauntlet)
  A rust devil (Gauntlet)
  59 black mambas
  9 guardian serpents
  2 gargoyles
  2 torpor snails
  14 cane toads
  3 molten gargoyles (Lair:5)
  3 rime drakes
  An orange demon (Lair:2)
  6 yaktaurs (D:15)
  A cane toad (shapeshifter) (D:15)
  A kobold demonologist (D:10)
  2 unseen horrors
  An efreet (D:13)
  11 komodo dragons
  A tengu conjurer (D:13)
  A freezing wraith (D:14)
  25 merfolk
  8 trolls
  7 polar bears
  7 saltlings (Orc:2)
  Grinder (D:4)
  A hornet (D:9)
  A blink frog (shapeshifter) (D:14)
  5 wind drakes
  9 dream sheep
  9 blink frogs
  18 slime creatures
  A spriggan (Bailey)
  4 flying skulls (Gauntlet)
  4 wraiths
  A snapping turtle (Shoals:2)
  A ynoxinul (Gauntlet)
  2 shadows
  A vampire (D:10)
  4 water elementals
  3 wyverns
  13 fire elementals
  7 basilisks
  A golden eye (Gauntlet)
  3 steam dragons
  9 vampire mosquitoes
  53 yaks
  A redback simulacrum (D:14)
  64 nagas
  Edmund (D:5)
  8 wargs
  2 acid dragons
  14 water moccasins
  6 hell hounds
  19 orc warriors
  A sky beast (D:5)
  3 black bears
  An ice beast (D:8)
  18 ogres
  35 wolves
  13 centaurs
  4 kobold brigands
  8 bullfrogs
  4 scorpions
  2 gnoll sergeants (D:11)
  8 wights
  5 howler monkeys
  3 electric eels
  4 lava snakes (Lair:5)
  A jelly (D:8)
  15 orc priests
  7 hounds
  3 iron imps (Gauntlet)
  2 sleepcaps
  An iguana (D:7)
  Natasha (thrice) (D:3)
  26 orc wizards
  Ijyb (D:4)
  The ghost of Azuregosa the Sneak, a weakling OpDe (D:4)
  8 adders
  4 gnolls
  5 white imps
  2 ufetubi (D:7)
  3 worms
  3 dart slugs
  74 orcs
  9 ball pythons
  A bat zombie (D:6)
  2 endoplasms
  A giant cockroach (D:4)
  3 goblins
  8 hobgoblins
  4 jackals (D:2)
  18 kobolds
  4 quokkas
  A bat (D:2)
  6 frilled lizards
  4 rats
  A rat zombie (D:6)
  13 tentacles (Shoals:1)
1049 creatures vanquished.

Vanquished Creatures (collateral kills)
  A black mamba (Lair:2)
  2 blink frogs (Lair:2)
  3 dream sheep (Lair:2)
  A spriggan (Bailey)
  A hell hound (Lair:5)
  3 ogres
  An orc priest (D:8)
12 creatures vanquished.

Vanquished Creatures (others)
  A two-headed ogre (D:11)
  A lindwurm (Lair:5)
  3 ogres
  2 centaurs (D:12)
  A lava snake (Lair:5)
  21 foxfires (Bailey)
  15 tentacles (Shoals:1)
44 creatures vanquished.

Grand Total: 1105 creatures vanquished

Notes
Turn   | Place    | Note
-------+----------+-------------------------------------------
     0 | D:1      | Flugkiller the Formicid Cinder Acolyte began the quest for
                  | the Orb.
     0 | D:1      | Reached XP level 1. HP: 18/18 MP: 2/2
     1 | D:1      | Found Rym Ynem's Jewellery Shop.
   365 | D:1      | Reached XP level 2. HP: 24/24 MP: 3/3
  1000 | D:2      | Learned a level 2 spell: Scorch
  1010 | D:2      | Reached XP level 3. HP: 30/30 MP: 1/4
  1402 | D:2      | Reached skill level 4 in Maces & Flails
  1447 | D:2      | Found a snail-covered altar of Cheibriados.
  1615 | D:2      | Identified the +9 dagger of Hofiq {freeze, Will+ rCorr
                  | Str+4 Dex-2}
  1693 | D:2      | Found Bifyihud's Book Emporium.
  1865 | D:2      | Reached XP level 4. HP: 11/37 MP: 2/5
  2204 | D:3      | Noticed Natasha
  2212 | D:3      | Killed Natasha
  2213 | D:3      | Reached skill level 1 in Armour
  2257 | D:3      | Noticed Natasha
  2266 | D:3      | Killed Natasha
  2267 | D:3      | Reached XP level 5. HP: 33/43 MP: 6/6
  2572 | D:3      | Noticed Natasha
  2580 | D:3      | Killed Natasha
  2926 | D:4      | Noticed Ijyb
  2937 | D:4      | Reached skill level 5 in Fighting
  2942 | D:4      | Killed Ijyb
  2943 | D:4      | Reached XP level 6. HP: 26/51 MP: 7/7
  3372 | D:4      | Found a runed translucent gate.
  3372 | D:4      | Found an opulent altar of Gozag.
  3373 | D:4      | Found a runed translucent gate.
  3374 | D:4      | Found a runed translucent gate.
  3374 | D:4      | Noticed Azuregosa's ghost (weakling OpDe)
  3524 | D:4      | Reached XP level 7. HP: 42/57 MP: 8/8
  3823 | D:4      | Noticed Grinder
  4331 | D:4      | Reached skill level 5 in Armour
  4333 | D:4      | Reached skill level 1 in Shields
  4339 | D:4      | Killed Azuregosa's ghost
  4371 | D:5      | Entered Level 5 of the Dungeon
  4532 | D:5      | Reached skill level 5 in Shields
  4532 | D:5      | Reached XP level 8. HP: 47/64 MP: 9/9
  4537 | D:5      | Reached skill level 1 in Short Blades
  4621 | D:5      | Noticed Edmund
  4657 | D:5      | Killed Edmund
  6059 | D:6      | Found an ancient bone altar of Kikubaaqudgha.
  6517 | D:6      | Reached XP level 9. HP: 65/73 MP: 8/10
  7168 | D:7      | Found a staircase to the Ecumenical Temple.
  7342 | D:7      | Found a transporter.
  7346 | D:7      | Found Bipseilu's Antique Armour Boutique.
  7513 | D:7      | Found a transporter.
  7624 | D:7      | Bought a pair of gloves for 144 gold pieces
  7705 | D:8      | Reached skill level 1 in Evocations
  7727 | D:8      | Noticed a komodo dragon
  7761 | D:8      | Noticed a komodo dragon
  7802 | D:8      | Killed a komodo dragon
  7803 | D:8      | Reached skill level 5 in Evocations
  8142 | D:8      | Killed a komodo dragon
  8471 | D:8      | Reached XP level 10. HP: 74/83 MP: 9/11
  8761 | D:8      | Found a staircase to the Lair.
  8761 | D:8      | Noticed an elephant
  8787 | D:8      | Killed an elephant
  8788 | D:8      | Reached skill level 10 in Fighting
  9101 | D:9      | Identified the "Peipah"
  9434 | D:9      | Found a flagged portal.
  9536 | Bailey   | Entered a bailey
  9715 | Bailey   | Reached skill level 5 in Maces & Flails
  9803 | Bailey   | Noticed a two-headed ogre
  9829 | Bailey   | Killed a two-headed ogre
  9932 | Bailey   | Reached skill level 6 in Maces & Flails
 10125 | D:9      | Reached XP level 11. HP: 89/93 MP: 10/12
 10574 | D:10     | Entered Level 10 of the Dungeon
 10589 | D:10     | Reached skill level 10 in Armour
 10740 | D:10     | Reached skill level 7 in Maces & Flails
 11260 | D:10     | Found an ornate altar of the Wu Jian Council.
 11560 | D:10     | Noticed Maurice
 11577 | D:10     | Killed Maurice
 11578 | D:10     | Reached skill level 8 in Maces & Flails
 11588 | D:10     | Noticed a two-headed ogre
 11612 | D:10     | Killed a two-headed ogre
 12140 | D:10     | Identified the +5 longbow "Soqasic" {heavy, rN+ Will+
                  | Dex+3}
 12161 | D:10     | Fell from the grace of Ignis
 12161 | D:10     | Became a worshipper of the Wu Jian Council
 12211 | D:11     | Reached skill level 9 in Maces & Flails
 12278 | D:11     | Noticed a boulder beetle
 12294 | D:11     | Killed a boulder beetle
 12855 | D:11     | Noticed a skeletal warrior
 12855 | D:11     | Noticed a skeletal warrior
 12855 | D:11     | Noticed a skeletal warrior
 12855 | D:11     | Noticed a skeletal warrior
 12904 | Lair:1   | Identified the "Doawon"
 12904 | Lair:1   | Entered Level 1 of the Lair of Beasts
 13175 | Lair:1   | Noticed an elephant
 13201 | Lair:1   | Killed an elephant
 13202 | Lair:1   | Reached skill level 10 in Maces & Flails
 13288 | Lair:1   | Reached XP level 12. HP: 100/100 MP: 13/13
 13710 | Lair:1   | Reached skill level 11 in Maces & Flails
 13831 | Lair:1   | Was forgiven by Ignis
 13919 | D:10     | Killed a skeletal warrior
 14133 | D:11     | Noticed a boulder beetle
 14160 | D:11     | Killed a boulder beetle
 14171 | D:11     | Noticed a two-headed ogre
 14195 | D:11     | Killed a two-headed ogre
 14196 | D:11     | Reached skill level 12 in Maces & Flails
 14284 | D:11     | Noticed a two-headed ogre
 14302 | D:11     | Noticed Lodul
 14333 | D:12     | Reached * piety under Wu Jian
 14408 | D:12     | Noticed a boulder beetle
 14691 | D:12     | Reached skill level 13 in Maces & Flails
 15414 | D:12     | Found a bloodstained altar of Trog.
 15726 | D:12     | Killed a boulder beetle
 15921 | D:12     | Reached skill level 14 in Maces & Flails
 15946 | D:12     | Reached XP level 13. HP: 106/106 MP: 14/14
 17051 | D:11     | Killed Lodul
 17063 | D:11     | Reached ** piety under Wu Jian
 17735 | Lair:2   | Identified the "Zyne"
 17750 | Lair:2   | Noticed Sonja
 18129 | Lair:2   | Sonja changed into Sonja the black bear
 18129 | Lair:2   | Noticed Sonja
 18134 | Lair:2   | Killed Sonja the black bear
 18555 | Lair:2   | Reached *** piety under Wu Jian
 19022 | Lair:3   | Reached skill level 15 in Maces & Flails
 19240 | Lair:3   | Noticed Amaemon
 19685 | Lair:2   | Reached XP level 14. HP: 106/120 MP: 13/15
 20686 | Lair:3   | Reached skill level 16 in Maces & Flails
 20877 | Lair:3   | Noticed Gastronok
 20923 | Lair:3   | Killed Gastronok
 21044 | Lair:3   | Found a staircase to the Shoals.
 21062 | Lair:3   | Killed Amaemon
 21166 | Lair:3   | Reached **** piety under Wu Jian
 21483 | Lair:3   | Found a staircase to the Snake Pit.
 21485 | Lair:3   | Reached skill level 17 in Maces & Flails
 21732 | Gauntlet | Identified the of Hofaing
 21732 | Gauntlet | Identified the "Gutillyake"
 21826 | Lair:4   | Found a gate leading to a gauntlet.
 21920 | Gauntlet | Entered a Gauntlet
 21920 | Gauntlet | Found a transporter.
 21920 | Gauntlet | Found a transporter.
 21930 | Gauntlet | Found a transporter.
 21940 | Gauntlet | Found a transporter.
 21955 | Gauntlet | Found a transporter.
 21971 | Gauntlet | Found a transporter.
 21980 | Gauntlet | Found a transporter.
 21986 | Gauntlet | Found a transporter.
 21996 | Gauntlet | Found a large runed translucent door.
 21997 | Gauntlet | Found a large runed translucent door.
 21997 | Gauntlet | Noticed a balrug
 21998 | Gauntlet | Found a large runed translucent door.
 21998 | Gauntlet | Found a large runed translucent door.
 21999 | Gauntlet | Found a runed translucent gate.
 22000 | Gauntlet | Found a transporter.
 22000 | Gauntlet | Found a runed translucent gate.
 22001 | Gauntlet | Found a runed translucent gate.
 22002 | Gauntlet | Found a large runed translucent door.
 22002 | Gauntlet | Found a large runed translucent door.
 22003 | Gauntlet | Found a large runed translucent door.
 22004 | Gauntlet | Found a large runed translucent door.
 22013 | Gauntlet | Found a large runed translucent door.
 22013 | Gauntlet | Found a large runed translucent door.
 22013 | Gauntlet | Found a runed translucent door.
 22013 | Gauntlet | Found a runed translucent door.
 22014 | Gauntlet | Found a large runed translucent door.
 22015 | Gauntlet | Found a large runed translucent door.
 22017 | Gauntlet | Found a transporter.
 22021 | Gauntlet | Found a transporter.
 22057 | Gauntlet | Found a large runed translucent door.
 22058 | Gauntlet | Found a large runed translucent door.
 22059 | Gauntlet | Found a large runed translucent door.
 22059 | Gauntlet | Found a large runed translucent door.
 22060 | Gauntlet | Found a transporter.
 22598 | Gauntlet | Identified the +1 shortbow "Dakops" {drain, rC+ Int+3}
 22598 | Gauntlet | Noticed a minotaur
 22619 | Gauntlet | Killed a minotaur
 22784 | Lair:4   | Reached skill level 18 in Maces & Flails
 22784 | Lair:4   | Reached XP level 15. HP: 126/126 MP: 16/16
 22805 | Lair:4   | Found a transporter.
 22811 | Lair:4   | Noticed Noful's ghost (journeyman TrFi)
 22815 | Lair:4   | Found a transporter.
 22950 | Lair:4   | Reached skill level 19 in Maces & Flails
 23071 | Lair:4   | Found a staircase to the Slime Pits.
 23530 | Lair:4   | Reached XP level 16. HP: 96/133 MP: 13/17
 23617 | Lair:4   | Found the +3 pair of seven-league boots {Rampage+∞}
 23768 | Lair:5   | Entered Level 5 of the Lair of Beasts
 24528 | Lair:5   | Reached skill level 20 in Maces & Flails
 24778 | Lair:5   | Found a large runed translucent door.
 24779 | Lair:5   | Found a large runed translucent door.
 25818 | D:4      | Killed Grinder
 26399 | D:13     | Noticed Azrael
 26413 | D:13     | Killed Azrael
 26701 | D:13     | Noticed Frances
 26701 | D:13     | Noticed Snorg
 26703 | D:13     | Killed Frances
 26709 | D:13     | Killed Snorg
 27074 | D:13     | Reached skill level 21 in Maces & Flails
 27761 | D:14     | Reached ***** piety under Wu Jian
 27922 | D:14     | Found a gate to the Vaults.
 28086 | D:15     | Entered Level 15 of the Dungeon
 28325 | D:15     | Reached skill level 22 in Maces & Flails
 28325 | D:15     | Reached XP level 17. HP: 121/139 MP: 16/18
 28576 | D:15     | Noticed Josephine
 28593 | D:15     | Killed Josephine
 29147 | D:15     | Found a staircase to the Depths.
 29476 | D:11     | Found a staircase to the Orcish Mines.
 29519 | Orc:1    | Entered Level 1 of the Orcish Mines
 29541 | Orc:1    | Found a radiant altar of Vehumet.
 29554 | Orc:2    | Entered Level 2 of the Orcish Mines
 29592 | Orc:2    | Found a staircase to the Elven Halls.
 29603 | Orc:2    | Noticed Urug
 29606 | Orc:2    | Killed Urug
 29624 | Orc:2    | Reached skill level 15 in Fighting
 29677 | Orc:2    | Found Weffetwi's Antique Weapon Shoppe.
 29693 | Orc:2    | Found Vaanges's Jewellery Shoppe.
 29693 | Orc:2    | Found Zufedai's Weapon Shoppe.
 29716 | Orc:2    | Found Uppeaj's Antique Weapon Shop.
 30340 | Orc:2    | Bought a slimy quick blade for 720 gold pieces
 30340 | Orc:2    | Identified the +2 quick blade "Buaqay" {chaos, rPois Str+4
                  | Dex+4} (You bought it in a shop on level 2 of the Orcish
                  | Mines)
 30526 | D:7      | Bought a plate armour for 736 gold pieces
 30630 | Snake:1  | Entered Level 1 of the Snake Pit
 31213 | Snake:1  | Identified the +1 sling "Wiwneugasi" {flame, rF+ Will-
                  | Int+2 Dex+6}
 31543 | Snake:1  | Reached XP level 18. HP: 72/152 MP: 10/19
 32366 | Snake:2  | Identified the +7 mace of Integrity {freeze, +Blink rPois
                  | Str-5 SInv}
 32589 | Snake:2  | Found Hustrac's Distillery.
 32780 | Snake:2  | Bought a potion of heal wounds for 100 gold pieces
 32780 | Snake:2  | Bought a potion of heal wounds for 100 gold pieces
 32780 | Snake:2  | Bought a potion of mutation for 160 gold pieces
 32780 | Snake:2  | Bought a potion of cancellation for 160 gold pieces
 32780 | Snake:2  | Bought a potion of invisibility for 160 gold pieces
 33935 | Snake:2  | Found Leik Ena's Armour Shop.
 35923 | Snake:3  | Found Xaex's Distillery.
 36644 | Snake:4  | Entered Level 4 of the Snake Pit
 36653 | Snake:3  | Reached skill level 10 in Evocations
 36721 | Snake:3  | Reached skill level 15 in Armour
 36769 | Snake:4  | Reached skill level 1 in Dodging
 37056 | Snake:3  | Bought a potion of heal wounds for 75 gold pieces
 37236 | Snake:4  | Reached ****** piety under Wu Jian
 37237 | Snake:4  | Reached XP level 19. HP: 148/161 MP: 18/20
 37716 | Snake:4  | Reached skill level 5 in Dodging
 38660 | Snake:4  | Got a serpentine rune of Zot
 39690 | Snake:4  | Identified the +0 helmet "Zekeig" {rPois rN+ Str+4}
 39833 | Shoals:1 | Entered Level 1 of the Shoals
 39988 | Shoals:1 | Found Meanusap's Antique Weapon Boutique.
 40354 | Shoals:1 | Identified the +0 robe "Laidiz" {rC+}
 40393 | Shoals:1 | Reached XP level 20. HP: 71/170 MP: 7/21
 41233 | Shoals:1 | Identified the +3 scale mail of the Morning Star {+Inv rF+
                  | Will+ Str-4}
 41591 | Shoals:2 | Noticed Polyphemus
 41641 | Shoals:2 | Killed Polyphemus
 41718 | Shoals:2 | Noticed Mlioglotl
 41728 | Shoals:2 | Noticed Aizul
 41747 | Shoals:2 | HP: 7/172 [poisoned by Aizul (poison arrow)]
 41748 | Shoals:2 | Killed from afar by Aizul

Illustrated notes

Levels and vault maps discovered:
D:1:      scummos_arrival_simple_crosswalls, layout_basic, serial_shops, shop
D:2:      layout_basic, serial_shops, shop, basic_altar
D:3:      layout_basic, dreamdust_mushroom_princess, uniq_natasha
D:4:      cheibrodos_thug_alley, layout_loops_ring, ebering_ghost_gozag,
          minivault_5, uniq_ijyb, uniq_grinder
D:5:      layout_layer_cave, uniq_edmund
D:6:      layout_basic, lemuel_zombie_altar_kikubaaqudgha
D:7:      layout_rooms, minmay_temple_entry_arrows, serial_shops,
          nicolae_shop_drivethru
D:8:      layout_basic, grunt_lair_entry_orc_guard_hut
D:9:      layout_roguey, enter_bailey_7, introduction_to_nature_2
D:10:     minmay_thick_lines, layout_rooms, nicolae_wu_jian_glorious_leap,
          uniq_maurice
D:11:     layout_stronghold, kennysheep_orc_monster_closet_entryway,
          kennysheep_boxes, uniq_lodul
D:12:     layout_long_grid, trog_ov_bears_minmay
D:13:     layout_basic, uniq_frances, uniq_azrael, uniq_snorg
D:14:     layout_basic, david_vaults_5
D:15:     hangedman_depths_entry_civil_slaughter, layout_basic, uniq_josephine
Lair:1:   wander_river, layout_chaotic_city
Lair:2:   beast_lair_carwin_large_2, layout_loops_ring, uniq_sonja
Lair:3:   layout_gridlike, elwin_shoals_entry_rocks,
          guppyfry_snake_entry_garden, chequers_serial_rivers_room_b,
          serial_bayou_shore_b, serial_bayou_shore_a, grunt_megastairs_1,
          uniq_amaemon, uniq_gastronok
Lair:4:   layout_misc_corridors, slime_entry_1, gammafunk_ghost_arena,
          gauntlet_entry_generic, cheibrodos_lair_caveside_slide,
          pdpol_lair_neglected_garden,
          hellmonk_guarded_unrand_seven_league_boots
Lair:5:   cheibrodos_lair_end_hotspot, layout_long_grid, st_stairs_7
Shoals:1: nicolae_shoals_lighthouse, layout_shoals, serial_shops,
          nicolae_shop_dealshenge
Shoals:2: layout_shoals, uniq_mlioglotl, uniq_aizul, uniq_polyphemus,
          uniq_kirke, uniq_ilsuiw, uniq_roxanne
Snake:1:  layout_rooms, statue_in_the_mist_lemuel, nicolae_snake_mages_go_home
Snake:2:  layout_layer_cave, serial_shops, shop, shop, nicolae_snake_springs
Snake:3:  layout_chambers, serial_shops, nicolae_take_the_stairs,
          nicolae_triple_integral
Snake:4:  grunt_snake_rune_spirals, layout_onion, serial_bayou,
          serial_bayou_pond_b, serial_bayou_pond_c, serial_bayou_pond_c,
          serial_bayou_pond_a
Orc:1:    layout_caves, hangedman_feature_mirror, mines1_david
Orc:2:    hellmonk_orc_salted, layout_caves, uniq_urug

Skill      XL: |  1  2  3  4  5  6  7  8  9 10 11 12 13 14 15 16 17 18 19 |
---------------+----------------------------------------------------------+-----
Fighting       | 4 5 6 7 9 11 14 16 17 18 | 18.7
Maces & Flails | 4 6 10 14 15 18 19 22 | 22.0
Armour         | 1 2 4 5 7 8 9 11 13 15 16 | 16.7
Shields        | 5 |  5.0
Short Blades   | 2 |  2.0
Evocations     | 5 10 | 10.0
Dodging        | 3 9 |  9.0
Spellcasting   | |  1.1
Fire Magic     | |  3.0

Action                     |  1- 3 |  4- 6 |  7- 9 | 10-12 | 13-15 | 16-18 | 19-21 || total
---------------------------+-------+-------+-------+-------+-------+-------+-------++-------
  Melee: Mace              |    66 |       |       |       |       |       |       ||    66
         Punch             |     2 |     1 |       |       |       |       |       ||     3
         Dagger            |     8 |    89 |   349 |   365 |       |       |       ||   811
         Flail             |       |       |       |   560 |   139 |       |       ||   699
         Great mace        |       |       |       |       |   422 |       |       ||   422
         Demon whip        |       |       |       |       |   400 |   333 |       ||   733
         Giant spiked club |       |       |       |       |       |  1018 |   500 ||  1518
  Throw: Dart              |       |       |       |     3 |       |       |       ||     3
   Cast: Scorch            |     9 |       |    12 |    19 |       |       |       ||    40
 Invoke: Fiery Armour      |     1 |       |     4 |     3 |       |       |       ||     8
         Foxfire Swarm     |       |       |       |     2 |       |       |       ||     2
         Serpent's Lash    |       |       |       |       |     8 |    19 |    17 ||    44
         Heavenly Storm    |       |       |       |       |       |     1 |     2 ||     3
Ability: Lunge             |       |       |       |    15 |    28 |   110 |    58 ||   211
         Dig               |       |       |       |     2 |     1 |       |       ||     3
         Whirlwind         |       |       |       |       |    29 |   264 |   165 ||   458
  Evoke: Wand              |       |       |     1 |    14 |     8 |     1 |     1 ||    25
         Phantom mirror    |       |       |       |       |     1 |       |       ||     1
         Phial of floods   |       |       |       |       |       |     1 |       ||     1
    Use: Scroll            |     6 |     3 |     7 |     7 |     6 |    12 |     5 ||    46
         Potion            |       |     1 |       |     8 |     2 |     5 |     7 ||    23
   Stab: Invisible         |       |       |       |     4 |       |       |     9 ||    13
         Fleeing           |       |       |       |       |     1 |       |       ||     1
         Held in net/web   |       |       |       |       |       |       |     1 ||     1
 Armour: Robe              |    39 |       |       |       |       |       |       ||    39
         Chain mail        |       |    48 |   225 |   134 |       |       |       ||   407
         Quicksilver drago |       |       |       |   472 |   577 |   676 |   314 ||  2039
  Dodge: Dodged            |    46 |    31 |   110 |   599 |   586 |   620 |   314 ||  2306
  Block: Buckler           |       |       |    58 |   186 |   206 |    29 |       ||   479

Table legend: (Time is in decaauts)
 A = Elapsed time spent in this place.
 B = Non-inter-level travel time spent in this place.
 C = Inter-level travel time spent in this place.
 D = Time resting spent in this place.
 E = Time spent auto-exploring this place.
 F = Levels seen in this place.
 G = Mean time per level.
                   A        B        C        D        E       F      G
               +--------+--------+--------+--------+--------+-----+--------+
         Total |  41166 |  38245 |   2921 |  14145 |  14796 |  30 | 1372.2 |
       Dungeon |  19531 |  17596 |   1935 |   4682 |   8487 |  15 | 1302.1 |
          Lair |   8646 |   8070 |    576 |   3490 |   2573 |   5 | 1729.2 |
        Shoals |   1887 |   1866 |     21 |    807 |    621 |   2 |  943.5 |
     Snake Pit |   8869 |   8616 |    253 |   4604 |   2399 |   4 | 2217.2 |
  Orcish Mines |    895 |    762 |    133 |      0 |    524 |   2 |  447.5 |
        Bailey |    542 |    542 |      0 |    241 |     53 |   1 |  542.0 |
      Gauntlet |    794 |    794 |      0 |    321 |    138 |   1 |  794.0 |
               +--------+--------+--------+--------+--------+-----+--------+

Top non-repeatable levels by time:
 Snake:4: 2728 daAuts
 Snake:3: 2663 daAuts
  Lair:2: 2290 daAuts
    D:11: 2263 daAuts
 Snake:1: 2061 daAuts
Shoals:1: 1804 daAuts
    D:12: 1763 daAuts
    D:10: 1751 daAuts
  Lair:3: 1732 daAuts
  Lair:1: 1719 daAuts
  Lair:4: 1595 daAuts
     D:8: 1589 daAuts
     D:5: 1501 daAuts
 Snake:2: 1415 daAuts
     D:4: 1400 daAuts
